 Dungeon Crawl Stone Soup version 0.26-a0-1060-g086102a3f0 (webtiles) character file.

Game seed: 4868920311704980628

109 tsouns the Covert (level 4, 0/24 HPs)
             Began as a Spriggan Delver on Dec 14, 2020.
             Was an Initiate of Dithmenos.
             Slain by an orc
             ... wielding a +0 hand axe
              (3 damage)
             ... on level 3 of the Dungeon.
             The game lasted 00:02:53 (986 turns).

tsouns the Covert (Spriggan Delver)                  Turns: 986, Time: 00:02:54

Health: 0/24       AC:  2    Str:  8    XL:     4   Next: 59%
Magic:  5/5        EV: 19    Int: 12    God:    Dithmenos [......]
Gold:   25         SH:  0    Dex: 17    Spells: 3/3 levels left

rFire    . . .     SeeInvis +   a - +0 short sword
rCold    . . .     Faith    .   (shield restricted)
rNeg     . . .     Spirit   .   b - +0 robe
rPois    .         Reflect  .   (helmet restricted)
rElec    .         Harm     .   (no cloak)
rCorr    .         Rampage  .   (gloves unavailable)
Will     .....                  (boots unavailable)
Stlth    ++++......             (no amulet)
HPRegen  0.08/turn              (no ring)
MPRegen  0.09/turn              (no ring)

@: hasted, very quick
A: very small, unfitting armour, see invisible, speed 3
a: Renounce Religion


You were on level 3 of the Dungeon.
You worshipped Dithmenos.
Dithmenos was noncommittal.
You visited 2 branches of the dungeon, and saw 4 of its levels.

You collected 25 gold pieces.

Inventory:

Hand Weapons
 a - a +0 short sword (weapon)
Armour
 b - a +0 robe (worn)
Wands
 g - a wand of digging (3)
Scrolls
 c - a scroll of fog
 d - 2 scrolls of magic mapping
 e - a scroll of fear
 i - 3 scrolls of teleportation {unknown}
Potions
 f - a potion of haste


   Skills:
 + Level 3.0 Fighting
 + Level 3.3 Short Blades
 + Level 4.3 Dodging
 + Level 8.1 Stealth


You had 3 spell levels left.
You didn't know any spells.
Your spell library was empty.

Dungeon Overview and Level Annotations

Branches:
Dungeon (5/15)             Temple (1/1) D:5

Altars:
Ashenzari
Cheibriados
Dithmenos
Elyvilon
Fedhas
Hepliaklqana
Kikubaaqudgha
Makhleb
Qazlal
Sif Muna
Wu Jian
Yredelemnul
Zin


Innate Abilities, Weirdness & Mutations

You are very small and have problems with some larger weapons.
You are too small for most types of armour.
You have supernaturally acute eyesight. (SInv)
You cover ground extremely quickly.


Message History

You closely miss the orc.
The orc is heavily wounded.
You hit the orc but do no damage.
The orc is heavily wounded.
The orc closely misses you.
You hit the orc but do no damage.
The orc is heavily wounded.
You hit the orc but do no damage.
The orc is heavily wounded.
The orc hits you with a +0 hand axe.
* * * LOW HITPOINT WARNING * * *
You hit the orc but do no damage.
The orc is heavily wounded.
You hit the orc but do no damage.
The orc is heavily wounded.
The orc barely misses you.
You completely miss the orc.
The orc is heavily wounded.
The orc hits you with a +0 hand axe.
You die...

##.###.##.#
. #.#
#...... #.#
#.....(.
####.#
##.....#
#..o.#
.....#
####.####
.....#
#o......#
######
#o##.##.#
#@##.# #
#.##..
#.##### #.#
#.. ###


You could see 2 orcs.

Vanquished Creatures
  A centaur (D:5)
  An ufetubus (D:5)
  A worm (D:3)
  A dart slug (D:3)
  2 orcs (D:3)
  2 goblins (D:3)
  A hobgoblin (D:3)
  5 jackals (D:3)
  A bat (D:3)
  A frilled lizard (D:3)
  A kobold (D:3)
17 creatures vanquished.

Notes
Turn   | Place    | Note
-------+----------+-------------------------------------------
     0 | D:5      | tsouns the Spriggan Delver began the quest for the Orb.
     0 | D:5      | Reached XP level 1. HP: 11/11 MP: 2/2
     9 | Temple   | Entered the Ecumenical Temple
    80 | Temple   | Became a worshipper of Dithmenos the Shadowed
    95 | D:5      | Noticed a centaur
   102 | D:5      | Killed a centaur
   103 | D:5      | Reached XP level 2. HP: 5/16 MP: 3/3
   103 | D:5      | Reached XP level 3. HP: 6/19 MP: 4/4
   103 | D:5      | Reached XP level 4. HP: 8/23 MP: 5/5
   326 | D:5      | Found a snail-covered altar of Cheibriados.
   356 | D:5      | Found a white marble altar of Elyvilon.
   406 | D:5      | Reached skill level 8 in Stealth
   531 | D:3      | Found a broken altar of Ashenzari.
   986 | D:3      | Slain by an orc

Illustrated notes

Levels and vault maps discovered:
D:3:      layout_loops_cross, evilmike_ruin_ashenzari
D:4:      layout_loops_ring, cheibriados_altar_1
D:5:      layout_cave_pods, kennysheep_mini_moat, overflow_temple_1_default,
          minmay_temple_entry_proselytizer, basic_altar, cheibrodos_gnoll_hut
Temple:   eino_wide_crystal_templ

Skill      XL: |  1  2  3  4 |
---------------+-------------+-----
Short Blades   | 3 |  3.3
Dodging        | 4 |  4.3
Fighting       | 3 |  3.0
Stealth        | 8 |  8.1

Action                   |  1- 3 |  4- 6 || total
-------------------------+-------+-------++-------
Melee: Short sword       |     3 |   133 ||   136
  Use: Potion            |       |     2 ||     2
 Stab: Sleeping          |     1 |     1 ||     2
Armor: Robe              |       |     9 ||     9
Dodge: Dodged            |     1 |    95 ||    96

Table legend: (Time is in decaauts)
 A = Elapsed time spent in this place.
 B = Non-inter-level travel time spent in this place.
 C = Inter-level travel time spent in this place.
 D = Time resting spent in this place.
 E = Time spent auto-exploring this place.
 F = Levels seen in this place.
 G = Mean time per level.
                   A        B        C        D        E       F      G
               +--------+--------+--------+--------+--------+-----+--------+
         Total |    849 |    839 |     10 |      0 |    616 |   4 |  212.2 |
       Dungeon |    801 |    801 |      0 |      0 |    587 |   3 |  267.0 |
        Temple |     48 |     38 |     10 |      0 |     28 |   1 |   48.0 |
               +--------+--------+--------+--------+--------+-----+--------+

Top non-repeatable levels by time:
     D:3: 507 daAuts
     D:5: 290 daAuts
  Temple: 48 daAuts
     D:4: 2 daAuts
